 Dungeon Crawl Stone Soup version 0.22-a0-351-g29664b4 (webtiles) character file.

11983 GameOver the Transmogrifier (level 11, -6/97 HPs)
             Began as a Naga Transmuter on Apr 12, 2018.
             Was an Elder of Kikubaaqudgha.
             Mangled by a river rat (7 damage)
             ... on level 2 of the Lair of Beasts on Apr 13, 2018.
             The game lasted 01:37:42 (9523 turns).

GameOver the Transmogrifier (Naga Transmuter)       Turns: 9523, Time: 01:37:43

Health: -6/97      AC:  7    Str: 12    XL:     11   Next: 86%
Magic:  16/20      EV: 10    Int: 16    God:    Kikubaaqudgha [****..]
Gold:   659        SH:  0    Dex: 13    Spells: 2/22 levels left

rFire    + . .     SeeInvis +     - Unarmed
rCold    . . .     Gourm    .   (shield currently unavailable)
rNeg     . . .     Faith    .   J - +0 troll leather armour {Purgy}
rPois    +         Spirit   .   (no helmet)
rElec    .         Reflect  .   L - +1 cloak
rCorr    .         Harm     .   (gloves currently unavailable)
MR       +....                  (no barding)
Stlth    ++........             (no amulet)
HPRegen  0.66/turn              F - ring of protection from fire
MPRegen  0.17/turn              k - ring of wizardry

@: blade hands, heavily drained, very slow
A: large, see invisible, deformed body, poison resistance, slowness 2, slow
metabolism 1, spit poison 1, AC +3
a: Spit Poison, End Transformation, Receive Corpses, Renounce Religion


You were on level 2 of the Lair of Beasts.
You worshipped Kikubaaqudgha.
Kikubaaqudgha was greatly pleased with you.
You were hungry.
You had blades for hands.
You visited 2 branches of the dungeon, and saw 13 of its levels.
You also visited: Sewer.

You collected 803 gold pieces.
You spent 144 gold pieces at shops.

Inventory:

Hand Weapons
 e - the +7 hand crossbow of Peol (melded) {elec, Dex+4 SInv}
   (You found it on level 7 of the Dungeon)

   It charges the ammunition it shoots with electricity; occasionally upon a
   hit, such missiles may discharge and cause terrible harm.
   It affects your dexterity (+4).
   It lets you see invisible.
 w - a +0 eveningstar
Missiles
 a - 131 arrows
 i - 94 bolts
Armour
 b - a +0 buckler of protection
 c - a +0 buckler
 z - a +0 shield
 J - a +0 troll leather armour (worn) {Purgy}
 K - a +0 pair of gloves (melded)
 L - a +1 cloak (worn)
 N - a +0 robe of magic resistance
Jewellery
 g - an uncursed ring of fire
 k - a ring of wizardry (right scythe-like blade)
 n - an uncursed ring of ice
 p - a +3 ring of intelligence
 r - an uncursed ring of protection from fire
 D - an uncursed ring of protection from cold
 F - a ring of protection from fire (left scythe-like blade)
Wands
 h - a wand of paralysis (28)
 l - a wand of polymorph (14)
 v - a wand of enslavement (14)
 x - a wand of iceblast (7)
 Q - a wand of flame (21)
Scrolls
 f - a scroll of brand weapon {unknown}
 j - 5 scrolls of magic mapping {unknown}
 o - 8 scrolls of teleportation
 s - 2 scrolls of blinking
 y - 2 scrolls of immolation {unknown}
 A - 3 scrolls of amnesia
 C - 5 scrolls of remove curse
 H - 6 scrolls of fear
 P - a scroll of torment {unknown}
Potions
 m - 2 potions of haste
 q - 7 potions of brilliance
 t - a potion of agility
 u - a potion of curing
 B - 2 potions of cancellation
 E - 3 potions of lignification
 G - 3 potions of flight {unknown}
 I - 3 potions of magic
 M - a potion of heal wounds
 O - 2 potions of mutation
Comestibles
 d - 19 rations


   Skills:
 + Level 6.1(4.4) Fighting
 + Level 1.2(0.0) Armour
 - Level 5.0(3.4) Dodging
 - Level 5.0(3.4) Stealth
 + Level 6.8(5.1) Unarmed Combat
 + Level 6.3(4.7) Spellcasting
 - Level 3.0(1.5) Charms
 - Level 8.0(6.2) Necromancy
 - Level 10.0(8.1) Transmutations
 - Level 4.0(2.4) Poison Magic


You had 2 spell levels left.
You knew the following spells:

 Your Spells              Type           Power        Failure   Level  Hunger
b - Blink                 Tloc           N/A          38%         2    ##.....
c - Spider Form           Tmut/Pois      ###.......   16%         3    ###....
d - Dispel Undead         Necr           ###.....     45%         5    ######.
v - Sticks to Snakes      Tmut           ####....     6%          2    ##.....
x - Regeneration          Chrm/Necr      ###.......   22%         3    ###....
z - Blade Hands           Tmut           ####......   30%         5    ######.


Dungeon Overview and Level Annotations

Branches:
Dungeon (11/15)            Temple (0/1) D:4            Lair (2/6) D:8
  Swamp: Lair:2-4    Shoals: Lair:2-4     Snake: Lair:2-4    Spider: Lair:2-4
    Orc: D:9-12

Altars:
Ashenzari
Cheibriados
Dithmenos
Gozag
Hepliaklqana
Kikubaaqudgha
Ru
Sif Muna
Trog
Uskayaw
Vehumet
Xom
Yredelemnul
Zin
The Shining One

Shops:
D:4 *   D:9 (

Annotations:
D:5 Galewind's ghost, novice DECj
D:8 Voxish's ghost, novice TeAE
D:9 exclusion: ice statue
D:10 1 runed door


Innate Abilities, Weirdness & Mutations

You cannot wear boots.
Your serpentine skin is tough. (AC +3)
You have supernaturally acute eyesight. (SInv)
Armour fits poorly on your strangely shaped body.
Your system is resistant to poisons. (rPois)
You cover ground very slowly.
You have a slow metabolism.
You can spit poison.


Message History

* * * LOW HITPOINT WARNING * * *
The blink frog completely misses you.
Unknown command.
You slash the blink frog!
The blink frog is heavily wounded.
The rat barely misses you. The blink frog hits you.
* * * LOW HITPOINT WARNING * * *
Unknown command.
You closely miss the blink frog.
The blink frog is heavily wounded.
The blink frog hits you!
* * * LOW HITPOINT WARNING * * *
Unknown command.
You slash the blink frog! Your slash misses the blink frog.
The blink frog is severely wounded.
The blink frog hits you!
* * * LOW HITPOINT WARNING * * *
The rat bites you but does no damage. The river rat bites you!
You die...
Kikubaaqudgha rasps: "You have failed me!
Welcome... death!"

##.......P.. .+
...........
#.####..........
...............
r.#...........
r#...<.......
#.#......#...
###.##r#F.........
#.....r@....#.....
..................
.[................
..................
F.........(.......
.................
................
...............


You could see 2 blink frogs, 2 river rats and 2 rats.

Vanquished Creatures
  A hydra (Lair:1)
  2 two-headed ogres
  A tengu warrior (D:11)
  An unseen horror (D:10)
  An ugly thing (D:11)
  A cyclops (D:11)
  A black mamba (Lair:1)
  A spiny frog (shapeshifter) (D:11)
  A spiny frog (Lair:1)
  A troll (D:10)
  3 hippogriffs
  A wraith (D:11)
  A wyvern (Lair:1)
  2 hogs (D:7)
  A hungry ghost (D:7)
  A human (D:7)
  2 water moccasins (Lair:1)
  2 porcupines (Lair:1)
  3 orc warriors
  2 sky beasts
  4 ice beasts
  Purgy (Sewer)
  An eye of draining (D:10)
  2 phantoms
  A centaur (shapeshifter) (D:11)
  3 centaurs
  6 ogres
  A crocodile (Lair:1)
  6 bullfrogs
  A wyvern zombie (D:9)
  2 scorpions
  9 killer bees (D:9)
  An electric eel (Lair:1)
  A howler monkey (D:9)
  3 crimson imps
  A bullfrog zombie (D:10)
  2 jellies
  A gnoll shaman (D:9)
  Crazy Yiuf (D:7)
  A centaur skeleton (D:11)
  8 hounds
  6 orc priests
  9 orc wizards
  Terence (D:3)
  4 iguanas
  Natasha (twice) (D:4)
  3 hell rats (Lair:2)
  5 worker ants
  3 hound skeletons
  3 worker ant zombies
  9 adders
  9 gnolls
  3 shadow imps
  2 adder zombies
  2 adder skeletons
  2 worms
  4 dart slugs
  2 leopard geckos
  41 orcs
  2 bat skeletons (D:2)
  4 bat zombies (D:2)
  6 giant cockroaches
  5 goblins
  10 hobgoblins
  3 jackals (D:5)
  3 kobolds
  3 quokkas
  2 ball pythons
  7 bats
  8 frilled lizards
  2 goblin skeletons (D:8)
  A goblin zombie (D:8)
  3 hobgoblin zombies (D:8)
  A jackal skeleton (D:6)
  A kobold skeleton (D:8)
  A leopard gecko zombie (D:7)
  An orc zombie (D:8)
  A quokka skeleton (D:6)
  2 quokka zombies
  7 rats
268 creatures vanquished.

Vanquished Creatures (collateral kills)
  2 hogs (D:7)
  Menkaure (D:4)
  A water moccasin (D:8)
  A phantom (D:6)
  An ice beast (D:6)
  A wyvern zombie (D:8)
  A howler monkey (D:9)
  A quasit (D:8)
  An orc wizard (D:9)
  An iguana (D:7)
  A worker ant zombie (D:9)
  An adder skeleton (D:7)
  An orc (D:9)
  A kobold skeleton (D:8)
  An orc zombie (D:8)
16 creatures vanquished.

Grand Total: 284 creatures vanquished

Notes
Turn   | Place    | Note
-------+----------+-------------------------------------------
     0 | D:1      | GameOver the Naga Transmuter began the quest for the Orb.
     0 | D:1      | Reached XP level 1. HP: 18/18 MP: 3/3
   133 | D:1      | Reached skill level 1 in Stealth
   167 | D:1      | Reached XP level 2. HP: 17/25 MP: 5/5
   498 | D:2      | Found a glowing silver altar of Zin.
   498 | D:2      | Found a shimmering altar of Xom.
   498 | D:2      | Noticed an angel
   616 | D:2      | Reached XP level 3. HP: 19/31 MP: 4/6
   624 | D:2      | Learned a level 3 spell: Spider Form
   727 | D:2      | Learned a level 2 spell: Sticks to Snakes
   940 | D:2      | Reached skill level 3 in Transmutations
   994 | D:2      | Reached skill level 1 in Poison Magic
  1002 | D:2      | Found an ancient bone altar of Kikubaaqudgha.
  1057 | D:2      | Became a worshipper of Kikubaaqudgha
  1393 | D:3      | Noticed Terence
  1433 | D:3      | Killed Terence
  1433 | D:3      | Reached XP level 4. HP: 32/38 MP: 2/7
  1490 | D:3      | Found a snail-covered altar of Cheibriados.
  1788 | D:3      | Reached XP level 5. HP: 41/44 MP: 2/8
  1998 | D:3      | Found a deep blue altar of Sif Muna.
  2064 | D:4      | Reached skill level 4 in Transmutations
  2143 | D:4      | Found a staircase to the Ecumenical Temple.
  2234 | D:4      | Noticed Menkaure
  2250 | D:4      | Killed Menkaure
  2250 | D:4      | Reached skill level 5 in Stealth
  2250 | D:4      | Reached XP level 6. HP: 48/51 MP: 3/9
  2365 | D:4      | Found Rehio's Assorted Antiques.
  2373 | D:4      | Bought an inky potion for 22 gold pieces
  2373 | D:4      | Bought a scroll labeled BUET JENITE for 25 gold pieces
  2373 | D:4      | Bought a scroll of identify for 50 gold pieces
  2373 | D:4      | Bought a coppery potion for 22 gold pieces
  2373 | D:4      | Bought a scroll labeled AHYBISK KECW for 25 gold pieces
  2378 | D:4      | Reached skill level 5 in Transmutations
  2394 | D:4      | Found a shadowy altar of Dithmenos.
  2394 | D:4      | Noticed a phantom
  2439 | D:4      | Killed a phantom
  2439 | D:4      | Reached * piety under Kikubaaqudgha
  2439 | D:4      | Identified Kikubaaqudgha's Compendium of Stolen Souls (Kikubaaqudgha gifted it to you on level 4 of the Dungeon)
  2439 | D:4      | Received a gift from Kikubaaqudgha
  2446 | D:4      | Learned a level 3 spell: Regeneration
  2823 | D:4      | Noticed Natasha
  2830 | D:4      | Reached XP level 7. HP: 55/57 MP: 8/10
  2835 | D:4      | Killed Natasha
  2936 | D:4      | Noticed Natasha
  2944 | D:4      | Killed Natasha
  3019 | D:5      | Entered Level 5 of the Dungeon
  3019 | D:5      | Noticed Galewind's ghost (novice DECj)
  3088 | D:5      | Reached skill level 1 in Charms
  3088 | D:5      | Reached skill level 1 in Necromancy
  3088 | D:5      | Reached skill level 6 in Transmutations
  3332 | D:5      | Found a glowing drain.
  3348 | Sewer    | Entered a sewer
  3424 | Sewer    | Noticed Purgy
  3435 | Sewer    | Killed Purgy
  3589 | D:5      | Reached XP level 8. HP: 57/64 MP: 11/11
  3862 | D:6      | You fall through a shaft!
  4023 | D:7      | Found a runed door.
  4029 | D:7      | Noticed Crazy Yiuf
  4035 | D:7      | Killed Crazy Yiuf
  4113 | D:7      | Got a dazzling hand crossbow
  4236 | D:6      | Reached ** piety under Kikubaaqudgha
  4236 | D:6      | Reached skill level 7 in Transmutations
  4383 | D:6      | Found a hazy altar of Hepliaklqana.
  4392 | D:6      | Found a shattered altar of Ashenzari.
  4402 | D:6      | Found a bloodstained altar of Trog.
  4793 | D:6      | Reached XP level 9. HP: 69/70 MP: 13/13
  5241 | D:7      | Reached skill level 5 in Necromancy
  5274 | D:7      | Found a sacrificial altar of Ru.
  5411 | D:8      | Reached skill level 8 in Transmutations
  5430 | D:8      | Learned a level 5 spell: Blade Hands
  5447 | D:8      | Found a staircase to the Lair.
  5533 | D:8      | Found a radiant altar of Vehumet.
  5533 | D:8      | Found a hide-covered altar of Uskayaw.
  5600 | D:8      | Found a glowing golden altar of the Shining One.
  5613 | D:8      | Reached *** piety under Kikubaaqudgha
  5613 | D:8      | Identified Kikubaaqudgha's Tome of Dark Arts (Kikubaaqudgha gifted it to you on level 8 of the Dungeon)
  5613 | D:8      | Received a gift from Kikubaaqudgha
  5760 | D:8      | Noticed Voxish's ghost (novice TeAE)
  5986 | D:8      | Found a shimmering altar of Xom.
  6086 | D:9      | Noticed a two-headed ogre
  6086 | D:9      | Reached skill level 5 in Dodging
  6086 | D:9      | Reached XP level 10. HP: 78/78 MP: 11/17
  6113 | D:9      | Killed a two-headed ogre
  6113 | D:9      | Reached skill level 5 in Spellcasting
  6426 | D:9      | Reached skill level 9 in Transmutations
  6493 | D:9      | Reached **** piety under Kikubaaqudgha
  6544 | D:9      | Found Corghenia's Weapon Shop.
  6651 | D:9      | Noticed an ice statue
  7109 | D:10     | Entered Level 10 of the Dungeon
  7133 | D:10     | Found a runed door.
  7133 | D:10     | Noticed a sixfirhy
  7554 | D:10     | Noticed an unseen horror
  7571 | D:10     | Killed an unseen horror
  7777 | D:10     | Reached XP level 11. HP: 64/91 MP: 13/18
  7893 | D:10     | Learned a level 5 spell: Dispel Undead
  7893 | D:10     | Identified the +7 hand crossbow of Peol {elec, Dex+4 SInv} (You found it on level 7 of the Dungeon)
  7939 | D:11     | Noticed a green ugly thing
  7949 | D:11     | Killed a green ugly thing
  7949 | D:11     | Reached skill level 5 in Unarmed Combat
  8056 | D:11     | Found an opulent altar of Gozag.
  8056 | D:11     | Noticed a tengu warrior
  8062 | D:11     | Found a basalt altar of Yredelemnul.
  8062 | D:11     | Noticed a faun
  8063 | D:11     | a faun changed into an elephant
  8064 | D:11     | Noticed a storm dragon
  8067 | D:11     | Noticed a sea snake
  8067 | D:11     | an elephant changed into a sea snake
  8071 | D:11     | a sea snake changed into a merfolk
  8075 | D:11     | Noticed a faun
  8075 | D:11     | an elephant changed into a faun
  8078 | D:11     | HP: 6/139 [tengu warrior/war axe (9)]
  8081 | D:11     | a faun changed into a snapping turtle
  8081 | D:11     | HP: 2/139 [tengu warrior/war axe (13)]
  8086 | D:11     | Noticed a death drake
  8086 | D:11     | a merfolk changed into a death drake
  8086 | D:11     | a death drake changed into a komodo dragon
  8087 | D:11     | Noticed a swamp dragon
  8087 | D:11     | a komodo dragon changed into a swamp dragon
  8087 | D:11     | HP: 6/139 [tengu warrior/war axe (2)]
  8091 | D:11     | a swamp dragon changed into a komodo dragon
  8097 | D:11     | Killed a tengu warrior
  8100 | D:11     | HP: 6/139 [worker ant zombie (3)]
  8398 | D:11     | Noticed a cyclops
  8409 | D:11     | Killed a cyclops
  8409 | D:11     | Reached skill level 10 in Transmutations
  8421 | D:11     | Noticed a two-headed ogre
  8426 | D:11     | Killed a two-headed ogre
  8426 | D:11     | Reached skill level 5 in Fighting
  8806 | Lair:1   | Entered Level 1 of the Lair of Beasts
  8889 | Lair:1   | Noticed a five-headed hydra
  9314 | Lair:1   | Learned a level 2 spell: Blink
  9330 | Lair:1   | Killed a five-headed hydra
  9330 | Lair:1   | Reached skill level 1 in Armour
  9523 | Lair:2   | HP: 1/97 [blink frog (16)]
  9523 | Lair:2   | Mangled by a river rat

Vault maps used:
D:1:      wheals_arrival_linesprint
D:2:      kennysheep_vampire_church, grunt_temple_overflow_order_and_chaos_1
D:3:      kennysheep_slug_shrine, first_ration, lemuel_blue_sif_altar,
          uniq_terence
D:4:      grunt_dithmenos_shadows, minmay_temple_entry_glass, serial_shops,
          shop, hex_large, skrybe_limestone_x, eino_tiny_chamber, uniq_menkaure,
          uniq_natasha
D:5:      cheibrodos_sewer_entry_bend
D:6:      grunt_temple_overflow_open, minivault_11
D:7:      marbit_many_paths, grunt_livestock, uniq_crazy_yiuf_cottage
D:8:      nicolae_tso_besieged_by_evil, gammafunk_temple_overflow_elements,
          lair_entry_dummy, tgw_xom
D:9:      minmay_statue_hallways, serial_shops, shop
D:10:     cheibrodos_shockbox
D:11:     jmf_multi_god_temple
Lair:1:   serial_bayou_pond_a, infiniplex_staircase_pool, grunt_megastairs_1
Lair:2:   kennysheep_abandoned_house, serial_bayou_shore_b,
          serial_bayou_shore_a, grunt_megastairs_3, minmay_lair_oklob_chamber,
          infiniplex_staircase_pool_2
Sewer:    sewer_co_purgy_island

Skill      XL: |  1  2  3  4  5  6  7  8  9 10 11 |
---------------+----------------------------------+-----
Stealth        | 1 2 3 5 |  5.0
Transmutations | 3 4 5 6 7 8 9 10 | 10.0
Poison Magic   | 1 2 3 4 |  4.0
Charms         | 2 3 |  3.0
Necromancy     | 2 4 5 7 8 |  8.0
Dodging        | 2 3 5 |  5.0
Spellcasting   | 4 5 6 |  6.3
Fighting       | 3 6 |  6.1
Unarmed Combat | 4 6 |  6.8
Armour         | 1 |  1.2

Action                   |  1- 3 |  4- 6 |  7- 9 | 10-12 || total
-------------------------+-------+-------+-------+-------++-------
Melee: Unarmed           |    70 |    76 |   212 |   238 ||   596
       Headbutt          |     3 |     2 |    13 |     3 ||    21
       Punch             |     1 |       |     2 |     1 ||     4
       Hand axe          |       |    18 |    60 |       ||    78
       Quarterstaff      |       |       |    69 |    35 ||   104
       Eveningstar       |       |       |       |     1 ||     1
 Fire: Hand crossbow     |       |       |       |    41 ||    41
 Cast: Beastly Appendage |    15 |     7 |    26 |     4 ||    52
       Spider Form       |     1 |     7 |    29 |    13 ||    50
       Sticks to Snakes  |     1 |     3 |    15 |    10 ||    29
       Regeneration      |       |       |    11 |    30 ||    41
       Blade Hands       |       |       |       |    23 ||    23
       Blink             |       |       |       |     1 ||     1
       Dispel Undead     |       |       |       |     1 ||     1
 Abil: Spit Poison       |    34 |    18 |    73 |    60 ||   185
       End Transformatio |       |       |       |     2 ||     2
Evoke: Wand              |       |       |       |     3 ||     3
  Use: Scroll            |     4 |     3 |     7 |     3 ||    17
       Potion            |       |     1 |       |    13 ||    14
 Stab: Sleeping          |     1 |       |     2 |     5 ||     8
       Distracted        |       |       |       |     2 ||     2
  Eat: Chunk             |     3 |     6 |    17 |    22 ||    48
       Ration            |       |       |     1 |     1 ||     2
Armor: Robe              |    23 |     2 |    64 |    34 ||   123
       Skin              |     2 |    10 |    12 |    68 ||    92
       Troll leather arm |       |       |       |     3 ||     3
Dodge: Dodged            |    73 |    47 |   291 |   226 ||   637

Table legend:
 A = Spawn XP
 B = Non-spawn XP
 C = Spawn XP percentage of total XP
 D = Spawn monster count
 E = Non-spawn monster count
 F = Spawn count percentage of total count
 G = Total turns spent on level
                    A         B        C        D         E        F      G
               +---------+---------+-------+---------+---------+-------+---------
         Total |       0 |   17119 |   0.0 |       0 |     284 |   0.0 |  9523
               +---------+---------+-------+---------+---------+-------+---------
           D:1 |       0 |      22 |   0.0 |       0 |      12 |   0.0 |   498
           D:2 |       0 |      45 |   0.0 |       0 |      24 |   0.0 |   855
           D:3 |       0 |     101 |   0.0 |       0 |      22 |   0.0 |   687
           D:4 |       0 |     537 |   0.0 |       0 |      13 |   0.0 |  1016
           D:5 |       0 |     560 |   0.0 |       0 |      27 |   0.0 |   713
           D:6 |       0 |     742 |   0.0 |       0 |      19 |   0.0 |   723
           D:7 |       0 |    1470 |   0.0 |       0 |      19 |   0.0 |   704
           D:8 |       0 |     953 |   0.0 |       0 |      26 |   0.0 |   757
           D:9 |       0 |    2887 |   0.0 |       0 |      49 |   0.0 |  1051
          D:10 |       0 |    1845 |   0.0 |       0 |      20 |   0.0 |   844
          D:11 |       0 |    4621 |   0.0 |       0 |      31 |   0.0 |   823
        Lair:1 |       0 |    3085 |   0.0 |       0 |      12 |   0.0 |   699
        Lair:2 |       0 |     102 |   0.0 |       0 |       3 |   0.0 |    18
         Sewer |       0 |     149 |   0.0 |       0 |       7 |   0.0 |   135
               +---------+---------+-------+---------+---------+-------+---------
